[ AOE2 MATCH · #504934442 ]
UnrankedSpanish vs Koreans
Player's team · WIN
Rival team · LOSS
[ REPLAY ANALYSIS · EXTRACTED FROM THE RECORDED GAME ]
Feudal
11:01
Castle
—
Imperial
—
| APM avg | 49.2 |
| APM peak | 89 |
| eAPM avg | 26.2 |
| Villagers / military | 36 / 0 |
Focus
⚔️ 30.2% · 🌾 69.8%
Feudal
9:16
Castle
—
Imperial
—
| APM avg | 117.1 |
| APM peak | 262 |
| eAPM avg | 65.9 |
| Villagers / military | 44 / 22 |
Focus
⚔️ 74.4% · 🌾 25.6%
Archer ×15 · Militia ×7
Match map
Initial resources + every placement click. Lines = walls · curves = elevation contours. ◆ gold · ⬟ stone · ● berries · ✦ relic · ◌ wall gap
Your base· Open — unwalled flank
[VL] Lil Franco's base· Open — 9t gap
Smoothed initial terrain · ◌ = detected wall gap · hover for details
Inputs per minute
— NHN Forever - - [VL] Lil Franco
Build order — NHN Forever
69 actions detected in the replay
| 0:01 | Create | Villager (Male) |
| 0:02 | Create | Villager (Male) |
| 0:02 | Create | Villager (Male) |
| 0:03 | Build | House |
| 0:06 | Build | House |
| 0:19 | Create | Villager (Male) |
| 1:28 | Create | Villager (Male) |
| 1:52 | Create | Villager (Male) |
| 2:25 | Create | Villager (Male) |
| 2:52 | Create | Villager (Male) |
| 3:01 | Create | Villager (Male) |
| 3:06 | Build | Lumber Camp |
| 3:36 | Create | Villager (Male) |
| 3:36 | Create | Villager (Male) |
| 4:09 | Create | Villager (Male) |
| 4:09 | Create | Villager (Male) |
| 4:20 | Build | House |
| 4:31 | Create | Villager (Male) |
| 4:32 | Create | Villager (Male) |
| 4:47 | Build | Mill |
| 4:53 | Create | Villager (Male) |
| 4:54 | Create | Villager (Male) |
| 5:16 | Create | Villager (Male) |
| 5:53 | Create | Villager (Male) |
| 5:53 | Create | Villager (Male) |
| 6:29 | Build | Mining Camp |
| 6:34 | Build | House |
| 6:38 | Build | Palisade Wall |
| 6:38 | Build | Palisade Wall |
| 6:51 | Research | Loom |
| 6:54 | Create | Villager (Male) |
| 7:37 | Build | Palisade Wall |
| 7:38 | Build | Palisade Wall |
| 7:45 | Create | Villager (Male) |
| 7:46 | Create | Villager (Male) |
| 8:20 | Build | Outpost |
| 8:51 | Research | Feudal Age |
| 9:08 | Build | Palisade Wall |
| 9:20 | Build | Palisade Wall |
| 9:24 | Build | Palisade Gate |
| 10:47 | Build | Farm |
| 10:48 | Build | Farm |
| 10:56 | Build | Farm |
| 11:01 | Age | Feudal Age |
| 11:04 | Build | Watch Tower |
| 11:09 | Build | Market |
| 11:56 | Create | Villager (Male) |
| 11:56 | Create | Villager (Male) |
| 12:05 | Create | Villager (Male) |
| 12:05 | Create | Villager (Male) |
| 12:06 | Create | Villager (Male) |
| 12:28 | Build | Watch Tower |
| 12:38 | Create | Villager (Male) |
| 12:38 | Create | Villager (Male) |
| 12:39 | Create | Villager (Male) |
| 12:39 | Create | Villager (Male) |
| 13:36 | Create | Villager (Male) |
| 13:36 | Create | Villager (Male) |
| 15:11 | Build | Farm |
| 15:43 | Build | Blacksmith |
| 15:53 | Create | Villager (Male) |
| 15:57 | Build | Palisade Wall |
| 16:05 | Research | Castle Age |
| 16:39 | Build | Farm |
| 16:49 | Research | Padded Archer Armor |
| 17:11 | Build | Farm |
| 17:28 | Research | Stone Mining |
| 18:08 | Research | Double-Bit Axe |
| 18:35 | Create | Villager (Male) |
Build order — [VL] Lil Franco
107 actions detected in the replay
| 0:00 | Create | Villager (Male) |
| 0:00 | Create | Villager (Male) |
| 0:01 | Create | Villager (Male) |
| 0:02 | Build | House |
| 0:03 | Build | House |
| 0:10 | Create | Villager (Male) |
| 1:22 | Create | Villager (Male) |
| 1:22 | Create | Villager (Male) |
| 1:52 | Create | Villager (Male) |
| 1:56 | Build | Lumber Camp |
| 2:24 | Create | Villager (Male) |
| 2:25 | Create | Villager (Male) |
| 2:36 | Build | House |
| 2:44 | Create | Villager (Male) |
| 2:44 | Create | Villager (Male) |
| 3:08 | Create | Villager (Male) |
| 3:20 | Create | Villager (Male) |
| 3:20 | Create | Villager (Male) |
| 3:42 | Create | Villager (Male) |
| 4:01 | Create | Villager (Male) |
| 4:54 | Create | Villager (Male) |
| 4:55 | Create | Villager (Male) |
| 5:06 | Create | Villager (Male) |
| 5:09 | Research | Loom |
| 5:49 | Build | Barracks |
| 5:54 | Create | Villager (Male) |
| 6:00 | Research | Loom |
| 6:39 | Build | House |
| 7:06 | Research | Feudal Age |
| 7:06 | Research | Feudal Age |
| 7:10 | Build | Mining Camp |
| 7:27 | Create | Militia |
| 7:27 | Create | Militia |
| 7:44 | Create | Militia |
| 7:45 | Create | Militia |
| 8:09 | Build | House |
| 8:11 | Create | Militia |
| 8:11 | Create | Militia |
| 8:35 | Create | Villager (Male) |
| 8:58 | Create | Militia |
| 9:16 | Age | Feudal Age |
| 9:17 | Build | Archery Range |
| 9:25 | Research | Man-at-Arms (upgrade) |
| 9:25 | Research | Man-at-Arms (upgrade) |
| 9:25 | Research | Man-at-Arms (upgrade) |
| 9:43 | Create | Villager (Male) |
| 9:53 | Create | Villager (Male) |
| 9:58 | Build | Mill |
| 10:08 | Create | Archer |
| 10:08 | Create | Archer |
| 10:09 | Create | Archer |
| 10:35 | Build | Farm |
| 10:36 | Build | Farm |
| 10:49 | Create | Villager (Male) |
| 10:52 | Create | Archer |
| 11:03 | Build | House |
| 11:25 | Create | Villager (Male) |
| 11:26 | Create | Archer |
| 11:37 | Build | House |
| 11:57 | Build | Watch Tower |
| 11:57 | Create | Archer |
| 12:08 | Create | Villager (Male) |
| 12:08 | Create | Villager (Male) |
| 12:08 | Create | Villager (Male) |
| 12:09 | Build | Farm |
| 12:36 | Create | Archer |
| 12:50 | Build | House |
| 12:51 | Create | Villager (Male) |
| 13:08 | Create | Villager (Male) |
| 13:12 | Create | Archer |
| 13:13 | Create | Archer |
| 13:26 | Create | Villager (Male) |
| 13:26 | Create | Villager (Male) |
| 13:28 | Build | Farm |
| 13:30 | Build | Farm |
| 13:38 | Create | Villager (Male) |
| 13:38 | Create | Villager (Male) |
| 13:43 | Build | Market |
| 13:53 | Create | Archer |
| 13:54 | Create | Archer |
| 13:56 | Create | Villager (Male) |
| 13:57 | Create | Villager (Male) |
| 13:57 | Create | Villager (Male) |
| 14:21 | Build | House |
| 14:22 | Build | Palisade Wall |
| 14:40 | Create | Villager (Male) |
| 15:02 | Create | Villager (Male) |
| 15:06 | Create | Villager (Male) |
| 15:14 | Create | Archer |
| 15:24 | Create | Villager (Male) |
| 15:26 | Build | Farm |
| 15:50 | Create | Villager (Male) |
| 15:54 | Build | Palisade Wall |
| 16:07 | Create | Villager (Male) |
| 16:14 | Build | Palisade Wall |
| 16:21 | Create | Villager (Male) |
| 16:37 | Build | Palisade Wall |
| 17:12 | Research | Castle Age |
| 17:12 | Research | Castle Age |
| 17:12 | Research | Castle Age |
| 17:15 | Create | Archer |
| 17:26 | Build | House |
| 17:32 | Create | Archer |
| 17:41 | Build | House |
| 18:03 | Build | Palisade Wall |
| 18:21 | Build | Blacksmith |
| 18:28 | Create | Archer |
Match timeline
| 5:49 | [VL] Lil Franco · first_building Barracks |
| 6:38 | NHN Forever · wall_segment Palisade Wall x1 |
| 6:38 | NHN Forever · wall_segment Palisade Wall x1 |
| 7:37 | NHN Forever · wall_segment Palisade Wall x1 |
| 7:38 | NHN Forever · wall_segment Palisade Wall x1 |
| 9:08 | NHN Forever · wall_segment Palisade Wall x1 |
| 9:16 | [VL] Lil Franco · age_up feudal |
| 9:17 | [VL] Lil Franco · first_building Archery Range |
| 9:20 | NHN Forever · wall_segment Palisade Wall x1 |
| 11:01 | NHN Forever · age_up feudal |
| 14:22 | [VL] Lil Franco · wall_segment Palisade Wall x5 |
| 14:29 | NHN Forever · first_market_sell 100 stone |
| 15:03 | [VL] Lil Franco · first_market_sell 100 wood |
| 15:04 | [VL] Lil Franco · first_market_buy 100 food |
| 15:41 | NHN Forever · first_market_buy 100 wood |
| 15:54 | [VL] Lil Franco · wall_segment Palisade Wall x5 |
| 15:57 | NHN Forever · wall_segment Palisade Wall x1 |
| 16:14 | [VL] Lil Franco · wall_segment Palisade Wall x9 |
| 16:37 | [VL] Lil Franco · wall_segment Palisade Wall x13 |
| 18:03 | [VL] Lil Franco · wall_segment Palisade Wall x6 |
| 18:37 | [VL] Lil Franco · resign |
[ AI ANALYSIS · 1 CREDIT ]
What really happened in this match?
Wolo.gg analyzes every decision: build order, eco, micro, common mistakes by bracket. Personalized analysis on WhatsApp or Discord in 30 seconds.
Civ guide
Spanish
Perfil
Jugador #15779222